 Dungeon Crawl Stone Soup version 0.30.0-13-g156ef70053 (webtiles) character file.

Game seed: 3177670175430416247

1915 Irreverend the Grappler (level 8, 0/81 HPs)
             Began as a Troll Fighter on May 18, 2023.
             Was an Initiate of Wu Jian.
             Slain by a two-headed ogre
             ... wielding a +0 giant club
              (13 damage)
             ... on level 9 of the Dungeon.
             The game lasted 00:06:55 (3850 turns).

Irreverend the Grappler (Troll Fighter)             Turns: 3850, Time: 00:06:56

Health: 0/81       AC:  5    Str: 25    XL:     8   Next: 95%
Magic:  7/7        EV:  9    Int:  6    God:    Wu Jian [......]
Gold:   205        SH:  9    Dex:  9    Spells: 7/7 levels left

rFire   . .          .
                       - Unarmed
rCold   . . .        b - +0 kite shield
rNeg    . . .        a - +0 robe
rPois   +            (helmet restricted)
rElec   .            k - +0 cloak
rCorr   .            (gloves unavailable)
SInv    .            (boots unavailable)
Will    .....        (no amulet)
Stlth   +            x - ring of poison resistance
HPRegen 1.13/turn    (no ring)
MPRegen 0.10/turn

%: no passive effects
@: no status effects
A: large, unfitting armour, claws 3, regeneration 1, shaggy fur 1, tough skin 1
a: Renounce Religion


You were on level 9 of the Dungeon.
You worshipped Wu Jian.
Wu Jian was noncommittal.
You visited 2 branches of the dungeon, and saw 8 of its levels.

You collected 205 gold pieces.

Inventory:

Armour
 a - a +0 robe (worn)
 b - a +0 kite shield (worn)
 c - a +0 tower shield
 k - a +0 cloak (worn)
Jewellery
 g - a ring of magical power
 p - the Hermit's Pendant {Faith Invo=14 Evo=0 MP+5}
   (You found it on level 3 of the Dungeon)

   [amulet of faith]

   Invo=14: It sets your Invocations skill to 14.
   Evo=0: It sets your Evocations skill to 0.
   It allows you to gain divine favour quickly.
   MP:        It affects your magic capacity (+5).
 w - a ring of ice
 x - a ring of poison resistance (left claw)
Wands
 m - a wand of mindburst (19)
 s - a wand of flame (19)
Scrolls
 f - a scroll of enchant armour {unknown}
 j - a scroll of magic mapping
 o - a scroll of identify
 t - 2 scrolls of fear (quivered)
 u - a scroll of teleportation {unknown}
Potions
 d - a potion of degeneration {unknown}
 e - 5 potions of curing {unknown}
 h - 2 potions of brilliance {unknown}
 i - 2 potions of mutation {unknown}
 l - a potion of haste {unknown}
 n - a potion of ambrosia {unknown}
 q - a potion of cancellation {unknown}
 r - a potion of flight {unknown}
 v - a potion of resistance {unknown}
 z - 2 potions of attraction {unknown}


   Skills:
 + Level 5.4 Fighting
 - Level 2.4 Dodging
 + Level 5.9 Shields
 * Level 8.5 Unarmed Combat


You had 7 spell levels left.
You didn't know any spells.
Your spell library contained the following spells:

 Spells                   Type           Power      Damage    Failure   Level
 Beastly Appendage        Tmut           0%         N/A       67%         1
 Blink                    Tloc           0%         N/A       82%         2
 Lesser Beckoning         Tloc           0%         N/A       82%         2
 Momentum Strike          Conj/Tloc      0%         3d8       82%         2
 Wereblood                Tmut           0%         N/A       82%         2
 Ignite Poison            Fire/Tmut/Pois 0%         N/A       96%         3
 Spider Form              Tmut/Pois      0%         N/A       96%         3
 Sticky Flame             Conj/Fire      0%         2d3       100%        4
 Ignition                 Fire           0%         3d3       100%        8


Dungeon Overview and Level Annotations

Branches:
Dungeon (6/15)             Temple (1/1) D:6

Altars:
Ashenzari
Cheibriados
Dithmenos
Elyvilon
Fedhas
Gozag
Hepliaklqana
Makhleb
Nemelex Xobeh
Okawaru
Qazlal
Ru
Trog
Uskayaw
Vehumet
Wu Jian
Xom
Yredelemnul
Zin
The Shining One

Shops:
D:6 *

Annotations:
D:9 1 transporter


Innate Abilities, Weirdness & Mutations

You are too large for most types of armour.
You have claws for hands.
Your natural rate of healing is unusually fast.
You are covered in fur. (AC +1)
You have tough skin. (AC +1)


Message History

You block the yak's attack. The yak gores you.
As you read the scroll of fear, it crumbles to dust.
You assume a fearsome visage.
The yak looks frightened! x9
A centaur comes into view.
As you read the scroll labelled KEM UTIEKE, it crumbles to dust.
You feel aware of your surroundings.
You sensed 1 shop/portal.
It was a scroll of magic mapping.
The centaur shouts!
Found a stone staircase leading down.
A two-headed ogre comes into view. It is wielding two +0 giant clubs.
You lunge at the yak.
You strike the helpless yak from behind!
You mangle the yak!!
Your attack snaps the yak out of its fear.
The yak is heavily wounded.
The two-headed ogre shouts in stereo!
You block the yak's attack.
Cornered, the yak turns to fight!
You mangle the centaur!!
The centaur is almost dead.
You block the centaur's attack. The centaur misses you. The centaur hits you.
The centaur kicks you. The yak gores you.
* * * LOW HITPOINT WARNING * * *
You scratch the centaur.
The centaur is almost dead.
You block the centaur's attack. x2; The yak gores you!
* * * LOW HITPOINT WARNING * * *
You completely miss the centaur.
The centaur is almost dead.
The yak bellows!
The centaur hits you but does no damage.
You block the centaur's attack. The centaur hits you.
* * * LOW HITPOINT WARNING * * *
The centaur kicks you but does no damage.
You claw the centaur!
You kill the centaur!
The Council accepts your kill. You block the yak's attack.
Found 5 stones.
You block the two-headed ogre's attack.
The two-headed ogre hits you with a +0 giant club!
You die...

,,~,,**,,**,,,,,*,* *,*
,~,,,8**,,*,,,,,*.# *,*
,**,*~~**,,,,,,,#Y# *,*
*,**,,,,**,,,,,,'>#####.*
,,,**,,*,*,,,,,,#.....Y.*
,,,,*~,*,*,,**,,.......(*
,,,,*,,*,*,,***##......#*********
*,**,,,,**,,* #.OY.....,,,,,,,,,
###,*,,*#.,** #@Y#**************
.~.,,8##.,** #..# ***
~...,*#..******#..# *,,
###.##..,,,,,,,#..# *,*
,..##..#******,#..# *,*
####...,,.,***,#..# *,*
.©....#**#.,**,#.Y# *,*
,,,,#.#**##.*#,#..# *,*
,,**#.#*,....#.#Y(# *,*


You could see a two-headed ogre and 5 yaks.

Vanquished Creatures
  Pikel (D:6)
  A yak (D:9)
  Menkaure (D:5)
  4 black bears
  A centaur (D:9)
  A scorpion (D:6)
  A howler monkey (D:5)
  2 hounds (D:5)
  A gnoll bouda (D:6)
  3 jellies
  2 iguanas (D:4)
  Terence (D:3)
  A sleepcap (D:6)
  2 orc wizards (D:6)
  5 gnolls (D:6)
  13 adders
  A shadow imp (D:3)
  4 worms
  4 dart slugs
  5 orcs
  4 ball pythons
  8 endoplasms
  19 giant cockroaches
  5 goblins
  5 hobgoblins
  13 jackals
  11 kobolds
  4 quokkas
  3 bats (D:3)
  2 frilled lizards
  5 rats
133 creatures vanquished.

Notes
Turn   | Place    | Note
-------+----------+-------------------------------------------
     0 | D:1      | Irreverend the Troll Fighter began the quest for the Orb.
     0 | D:1      | Reached XP level 1. HP: 22/22 MP: 0/0
    24 | D:1      | Reached XP level 2. HP: 29/29 MP: 1/1
   139 | D:1      | Reached XP level 3. HP: 36/36 MP: 2/2
   205 | D:1      | Reached skill level 3 in Unarmed Combat
   522 | D:2      | Reached XP level 4. HP: 44/44 MP: 3/3
  1052 | D:3      | Found the Hermit's Pendant {Faith Invo=14 Evo=0 MP+5}
  1092 | D:3      | Reached XP level 5. HP: 53/53 MP: 4/4
  1137 | D:3      | Found a hide-covered altar of Uskayaw.
  1153 | D:3      | Reached skill level 4 in Unarmed Combat
  1271 | D:3      | Found a stormy altar of Qazlal.
  1271 | D:3      | Noticed a water elemental
  1276 | D:3      | Noticed an air elemental
  1276 | D:3      | Noticed a fire elemental
  1327 | D:3      | Noticed Terence
  1336 | D:3      | Killed Terence
  1560 | D:4      | Reached XP level 6. HP: 60/61 MP: 5/5
  2289 | D:5      | Entered Level 5 of the Dungeon
  2298 | D:5      | Reached skill level 5 in Unarmed Combat
  2464 | D:5      | Reached XP level 7. HP: 65/68 MP: 6/6
  2771 | D:5      | Noticed Menkaure
  2777 | D:5      | Killed Menkaure
  2778 | D:5      | Reached skill level 6 in Unarmed Combat
  3060 | D:6      | Found Rudoux's Elemental Accessories.
  3144 | D:6      | Reached skill level 5 in Shields
  3144 | D:6      | Reached XP level 8. HP: 33/79 MP: 7/7
  3235 | D:6      | Reached skill level 7 in Unarmed Combat
  3268 | D:6      | Found a staircase to the Ecumenical Temple.
  3283 | Temple   | Entered the Ecumenical Temple
  3406 | Temple   | Became a worshipper of the Wu Jian Council
  3505 | D:6      | Noticed Pikel
  3535 | D:6      | Killed Pikel
  3536 | D:6      | Reached skill level 5 in Fighting
  3536 | D:6      | Reached skill level 8 in Unarmed Combat
  3775 | D:6      | You fall into a shaft and drop 3 floors!
  3786 | D:9      | Found a transporter.
  3844 | D:9      | Noticed a two-headed ogre
  3850 | D:9      | Slain by a two-headed ogre

Illustrated notes

Levels and vault maps discovered:
D:1:      dpeg_arrival_tiny_h, layout_rooms
D:2:      minmay_roachtagon, layout_rooms
D:3:      layout_basic, nicolae_uskayaw_suspiria,
          nicolae_qazlal_style_of_elements, uniq_terence
D:4:      nicolae_cairo_tiling_very_big, layout_loops_corners,
          minmay_stone_trees_large
D:5:      layout_loops_ring, uniq_menkaure
D:6:      layout_basic, mainiacjoe_overflow_surrounded_room,
          lemuel_coloured_pillars_altar, minmay_temple_entry_mini_moons,
          nicolae_elemental_shop, guppyfry_shop_venom, uniq_pikel
D:9:      layout_basic, nzn_ghost_randoct, serial_shops,
          nicolae_shop_waterfront, minivault_24
Temple:   dpeg_five_rooms_temple

Skill      XL: |  1  2  3  4  5  6  7  8 |
---------------+-------------------------+-----
Shields        | 3 4 5 |  5.9
Unarmed Combat | 3 4 5 6 8 |  8.5
Fighting       | 3 4 5 |  5.4
Dodging        | |  2.4

Action                     |  1- 3 |  4- 6 |  7- 9 || total
---------------------------+-------+-------+-------++-------
  Melee: Unarmed           |   129 |   191 |   125 ||   445
Ability: Lunge             |       |       |     3 ||     3
  Evoke: Wand              |       |     1 |       ||     1
    Use: Potion            |       |       |     2 ||     2
         Scroll            |       |       |     3 ||     3
   Stab: Fleeing           |       |       |     1 ||     1
 Armour: Robe              |    54 |    62 |    29 ||   145
  Dodge: Dodged            |    47 |    62 |    42 ||   151
  Block: Kite shield       |    43 |    64 |    57 ||   164
